 Dungeon Crawl Stone Soup version 0.21.1-1-g345015f (webtiles) character file.

28 tidbits the Charmwright (level 3, -10/31 HPs)
             Began as a Gnoll Skald on June 22, 2018.
             Mangled by w0lly's ghost (16 damage)
             ... on level 4 of the Dungeon.
             The game lasted 00:02:00 (173 turns).

tidbits the Charmwright (Gnoll Skald)                Turns: 173, Time: 00:02:01

Health: -10/31     AC:  3    Str: 18    XL:     3   Next: 14%
Magic:  1/9        EV: 14    Int: 16    God:
Gold:   0          SH:  0    Dex: 14    Spells: 1/12 levels left

rFire    . . .     SeeInvis .   a - +0 hand axe
rCold    . . .     Gourm    .   (no shield)
rNeg     . . .     Faith    .   b - +0 leather armour
rPois    .         Spirit   .   (no helmet)
rElec    .         Reflect  .   (no cloak)
rCorr    .         Harm     .   (no gloves)
MR       .....                  (no boots)
Stlth    +.........             (no amulet)
HPRegen  0.10/turn              (no ring)
MPRegen  0.11/turn              (no ring)

@: mighty
A: distributed training, fangs 1, strong nose
a: no special abilities


You were on level 4 of the Dungeon.
You were not hungry.

You visited 1 branch of the dungeon, and saw 4 of its levels.

Inventory:

Hand Weapons
 a - a +0 hand axe (weapon)
Armour
 b - a +0 leather armour (worn)
 f - a +0 ring mail
Scrolls
 e - a scroll of remove curse {unknown}
Books
 c - a book of Battle

   Spells                             Type                      Level
   a - Infusion                       Charms                       1
   b - Shroud of Golubria             Charms/Translocation         2
   c - Song of Slaying                Charms                       2
   d - Spectral Weapon                Hexes/Charms                 3
   e - Regeneration                   Charms/Necromancy            3
Comestibles
 d - 2 rations


   Skills:
 + Level 4.5 Fighting
 + Level 0.6 Short Blades
 + Level 0.6 Long Blades
 + Level 4.5 Axes
 + Level 0.6 Maces & Flails
 + Level 0.6 Polearms
 + Level 0.6 Staves
 + Level 0.6 Slings
 + Level 0.6 Bows
 + Level 0.6 Crossbows
 + Level 0.6 Throwing
 + Level 2.5 Armour
 + Level 4.5 Dodging
 + Level 0.6 Stealth
 + Level 0.6 Shields
 + Level 0.6 Unarmed Combat
 + Level 5.0 Spellcasting
 + Level 0.4 Conjurations
 + Level 0.4 Hexes
 + Level 5.4 Charms
 + Level 0.4 Summonings
 + Level 0.4 Necromancy
 + Level 0.4 Translocations
 + Level 0.4 Transmutations
 + Level 0.4 Fire Magic
 + Level 0.4 Ice Magic
 + Level 0.4 Air Magic
 + Level 0.4 Earth Magic
 + Level 0.4 Poison Magic
 + Level 0.8 Invocations
 + Level 0.6 Evocations


You had one spell level left.
You knew the following spells:

 Your Spells              Type           Power        Failure   Level  Hunger
g - Shroud of Golubria    Chrm/Tloc      ##........   9%          2    #......
i - Infusion              Chrm           ###.         1%          1    None
r - Regeneration          Chrm/Necr      ##........   16%         3    ###....
w - Spectral Weapon       Hex/Chrm       ##......     16%         3    ###....
y - Song of Slaying       Chrm           ###.....     3%          2    #......


Dungeon Overview and Level Annotations

Branches:
Dungeon (4/15)
 Temple: D:4-7

Altars:

Annotations:
D:4 w0lly's ghost, novice HOFi


Innate Abilities, Weirdness & Mutations

Your experience applies equally to all skills.
You have very sharp teeth.
Your uncanny sense of smell can sniff out nearby items.


Message History

You completely miss the adder.
The adder is heavily wounded.
You feel sick. The adder bites you.
You are more poisoned.
The adder poisons you!
You closely miss the adder. You bite the adder.
The adder is severely wounded.
You feel sick. The adder bites you. x2
* * * LOW HITPOINT WARNING * * *
You are lethally poisoned!
The adder poisons you!
You miss the adder.
The adder is severely wounded.
* * * LOW HITPOINT WARNING * * *
You feel sick. The adder closely misses you.
You hit the adder!
You kill the adder!
Your Spellcasting skill increases to level 5!
You have reached level 3!
Your experience leads to an increase in your attributes!
Increase (S)trength, (I)ntelligence, or (D)exterity?
You feel clever.
You feel sick.
Memorise Regeneration, consuming 3 spell levels and leaving 4?
You feel sick.
You start memorising the spell.
You continue memorising. x2
You feel sick.
You continue memorising.
You feel sick.
You finish memorising.
Spell assigned to 'r'.
Casting: Song of Slaying
Confirm with . or Enter, or press ? or * to list all spells.
You miscast Regeneration.
You are very lightly contaminated with residual magic.
Nothing appears to happen.
You feel sick.
Memorise Spectral Weapon, consuming 3 spell levels and leaving 1?
You start memorising the spell.
You continue memorising.
You feel sick.
You continue memorising. x2
Your song is almost over.
You feel sick.
You finish memorising.
Spell assigned to 'w'.
It was a potion of might.
You feel very mighty all of a sudden.
It was a potion of heal wounds.
You feel much better.
You feel sick.
You see here a scroll labeled SIYCUMP NELUGH.
e - a scroll labeled SIYCUMP NELUGH Your magical infusion is running out.
You feel sick.
Your song has ended.
You feel sick.
You open the door.
You are no longer magically infusing your attacks.
Found 13 gold pieces and 17 arrows.
You feel sick.
You feel sick.
There is a stone staircase leading down here.
Your magical contamination has completely faded away.
You climb downwards.
There is a stone staircase leading up here.
Unknown command.
W0lly's ghost (novice Hill Orc Fighter) comes into view.
You feel sick.
You are no longer poisoned.
W0lly's ghost turns its malevolent gaze towards you.
Casting: Regeneration
Confirm with . or Enter, or press ? or * to list all spells.
You draw out your weapon's spirit!
W0lly's ghost says, "I'll split you in two!"
Found a robe.
Found a stone staircase leading up.
Unknown command.
You hit w0lly's ghost. Your bite misses w0lly's ghost.
W0lly's ghost is lightly damaged.
Your spectral weapon hits w0lly's ghost.
W0lly's ghost hits your spectral weapon.
Your spectral weapon shares its damage with you!
You catch the helpless w0lly's ghost completely off-guard!
You hit w0lly's ghost but do no damage.
W0lly's ghost is lightly damaged.
Your spectral weapon hits w0lly's ghost!
W0lly's ghost hits you.
You slash w0lly's ghost!
W0lly's ghost is heavily damaged.
Your spectral weapon barely misses w0lly's ghost.
W0lly's ghost misses you.
W0lly's ghost whispers, "There is no future for you."
W0lly's ghost closely misses you.
You slash w0lly's ghost!
W0lly's ghost is severely damaged.
Your spectral weapon hits w0lly's ghost but does no damage.
W0lly's ghost hits you!
Ouch! That really hurt!
* * * LOW HITPOINT WARNING * * *
You hit w0lly's ghost. You bite w0lly's ghost!
W0lly's ghost is almost destroyed.
Your spectral weapon hits w0lly's ghost but does no damage.
W0lly's ghost hits you!
Ouch! That really hurt!
You die...

#.# # ..# #.
...# #.###...#
#.....# # #<#
####[###.#
.........#.#.##
####...@(.....<
####W......#
#..####.# #...
. ....# #...#
#.... ......


You could see w0lly's ghost and a friendly spectral hand axe.

Vanquished Creatures
  An adder (D:3)
  An ooze (D:2)
  A worm (D:2)
  A dart slug (D:2)
  3 goblins (D:2)
  A hobgoblin (D:2)
  2 bats (D:2)
  A frilled lizard (D:2)
  A rat (D:1)
12 creatures vanquished.

Notes
Turn   | Place    | Note
-------+----------+-------------------------------------------
     0 | D:1      | tidbits the Gnoll Skald began the quest for the Orb.
     0 | D:1      | Reached XP level 1. HP: 20/20 MP: 6/6
    31 | D:2      | Reached XP level 2. HP: 25/26 MP: 2/7
    35 | D:2      | Learned a level 2 spell: Song of Slaying
    38 | D:2      | Learned a level 2 spell: Shroud of Golubria
   136 | D:3      | Reached skill level 5 in Spellcasting
   136 | D:3      | Reached XP level 3. HP: 14/31 MP: 2/9
   141 | D:3      | Learned a level 3 spell: Regeneration
   146 | D:3      | Learned a level 3 spell: Spectral Weapon
   165 | D:4      | Noticed w0lly's ghost (novice HOFi)
   173 | D:4      | Mangled by w0lly's ghost

Skill      XL: |  1  2 |
---------------+-------+-----
Spellcasting   | 5 |  5.0
Fighting       | |  4.5
Short Blades   | |  0.6
Long Blades    | |  0.6
Axes           | |  4.5
Maces & Flails | |  0.6
Polearms       | |  0.6
Staves         | |  0.6
Slings         | |  0.6
Bows           | |  0.6
Crossbows      | |  0.6
Throwing       | |  0.6
Armour         | |  2.5
Dodging        | |  4.5
Stealth        | |  0.6
Shields        | |  0.6
Unarmed Combat | |  0.6
Conjurations   | |  0.4
Hexes          | |  0.4
Charms         | |  5.4
Summonings     | |  0.4
Necromancy     | |  0.4
Translocations | |  0.4
Transmutations | |  0.4
Fire Magic     | |  0.4
Ice Magic      | |  0.4
Air Magic      | |  0.4
Earth Magic    | |  0.4
Poison Magic   | |  0.4
Invocations    | |  0.8
Evocations     | |  0.6

Action                   || total
-------------------------++-------
Melee: Hand axe          ||    34
       Bite              ||     5
 Cast: Infusion          ||     2
       Song of Slaying   ||     2
       Spectral Weapon   ||     1
  Use: Potion            ||     2
 Stab: Distracted        ||     1
Armor: Leather armour    ||     3
Dodge: Dodged            ||    16

Table legend:
 A = Turns spent in this place as a percentage of turns spent in the entire game.
 B = Non-inter-level travel turns spent in this place as a percentage of non-inter-level travel turns spent in the entire game.
 C = Inter-level travel turns spent in this place as a percentage of turns spent in this place.
 D = Turns resting spent in this place as a percentage of non-inter-level travel turns spent in this place.
 E = Turns spent auto-exploring this place as a percentage of non-inter-level travel turns spent in this place.
 F = Non-inter-level travel turns spent in this place divided by the number of levels of this place that you've seen.
                   A       B       C       D       E      F
               +-------+-------+-------+-------+-------+----------------------
         Total | 100.0 | 100.0 |   0.0 |   0.0 |   0.0 |  43.2
       Dungeon | 100.0 | 100.0 |   0.0 |   0.0 |   0.0 |  43.2
               +-------+-------+-------+-------+-------+----------------------

Table legend:
 A = Kills in this place as a percentage of kills in entire the game.
 B = Kills by you in this place as a percentage of kills by you in the entire game.
 C = Kills by friends in this place as a percentage of kills by friends in the entire game.
 D = Other kills in this place as a percentage of other kills in the entire game.
 E = Experience gained in this place as a percentage of experience gained in the entire game.
 F = Experience gained in this place divided by the number of levels of this place that you have seen.
                   A       B       C       D       E      F
               +-------+-------+-------+-------+-------+----------------------
         Total | 100.0 | 100.0 |   N/A |   N/A | 100.0 |  10.2
       Dungeon | 100.0 | 100.0 |   N/A |   N/A | 100.0 |  10.2
               +-------+-------+-------+-------+-------+----------------------

Vault maps used:
D:1:      dpeg_arrival_tiny_a, minmay_tetromino_l4
D:2:      minmay_misc_feat_pillars
D:3:      first_ration, hangedman_decor_push, nrook_loot_triangle
D:4:      minmay_temple_entry_grid, uniq_edmund, uniq_natasha
